 Dungeon Crawl Stone Soup version 0.13.2 (webtiles) character file.

194 sanboga the Shield-Bearer (level 4, -2/40 HPs)
             Began as a Minotaur Fighter on Mar 10, 2017.
             Was an Initiate of Trog.
             Slain by sanboga's ghost (5 damage)
             ... on Level 3 of the Dungeon.
             The game lasted 00:10:32 (2304 turns).

sanboga the Shield-Bearer (Minotaur Fighter)        Turns: 2304, Time: 00:10:32

HP  -2/40        AC  8     Str 21      XL: 4   Next: 77%
MP   1/1         EV  9     Int 10      God: Trog [......]
Gold 73          SH  0     Dex 10      Spells:  0 memorised,  3 levels left

Res.Fire  : x . .   See Invis. : .   p - +2,+3 quarterstaff (chaos)
Res.Cold  : + + .   Warding    : .   b - +0 scale mail
Life Prot.: . . .   Conserve   : .   (no shield)
Res.Poison: .       Res.Corr.  : .   (helmet restricted)
Res.Elec. : .       Clarity    : .   q - +0 cloak
Sust.Abil.: . .     Spirit.Shd : .   (no gloves)
Res.Mut.  : .       Stasis     : .   (no boots)
Res.Rott. : .       Flight     : .   i - amulet of inaccuracy {unknown}
Saprovore : . . .                    o - ring of ice
                                     m - ring of protection from cold {unknown}

@: brilliant, slightly resistant to hostile enchantments, extremely unstealthy
A: retaliatory headbutt, horns 2
a: Burn Spellbooks, Renounce Religion


You were on level 3 of the Dungeon.
You worshipped Trog.
Trog was noncommittal.
You were hungry.

You visited 1 branch of the dungeon, and saw 3 of its levels.

You collected 53 gold pieces.

Inventory:

Hand weapons
 h - a +0,+0 short sword
 l - a -3,+0 short sword
 p - a +2,+3 quarterstaff of chaos (weapon)
Missiles
 e - 45 darts (quivered)
Armour
 b - a +0 scale mail (worn)
 c - a +0 shield
 q - a +0 cloak (worn)
Comestibles
 f - a meat ration
Scrolls
 n - a scroll of blinking
 r - a scroll of enchant weapon II {unknown}
 s - a scroll of identify {unknown}
Jewellery
 i - an amulet of inaccuracy (around neck) {unknown}
 m - a ring of protection from cold (left hand) {unknown}
 o - a ring of ice (right hand)


   Skills:
 + Level 4.1 Fighting
 + Level 0.4 Short Blades
   Level 2.6 Maces & Flails
 + Level 4.3 Armour
 + Level 2.6 Dodging
 + Level 0.6 Stealth
   Level 4.4 Shields


You had 3 spell levels left.
You didn't know any spells.

Dungeon Overview and Level Annotations

Branches:
Dungeon (3/27)

Altars:
Trog

Annotations:
D:3 sanboga's ghost, weakling MiFi


Innate Abilities, Weirdness & Mutations

You reflexively headbutt those who attack you in melee.
You have a pair of horns on your head.


Message History

You hit the worm.
You kill the worm!
Trog accepts your kill.
You hit sanboga's ghost.
Sanboga's ghost is moderately damaged.
Sanboga's ghost hits you!
* * * LOW HITPOINT WARNING * * *
Sanboga's ghost closely misses you.
Your scale mail prevents you from hitting sanboga's ghost.
Sanboga's ghost is moderately damaged.
Sanboga's ghost keens inconsolably.
Sanboga's ghost hits you.
* * * LOW HITPOINT WARNING * * *
You hit sanboga's ghost. You freeze sanboga's ghost.
Sanboga's ghost is heavily damaged.
Sanboga's ghost closely misses you.
You hit sanboga's ghost. You burn sanboga's ghost.
Sanboga's ghost is severely damaged.
Sanboga's ghost hits you.
You die...

#.# #.# #.# ###.######
......?..#### .
....).......# ...
###.####....#
......#######%####....###
........@pJ..............
......#######.####....###
... #.# #....# # #.#
#....# #.# #....# #.#
######## .?. .. ...
...### ... ......


You could see an ooze and sanboga's ghost.

Vanquished Creatures
  Crazy Yiuf (D:2)
  An orc wizard (D:3)
  An adder (D:2)
  A worm (D:3)
  2 giant geckos (D:2)
  4 orcs
  A giant cockroach (D:1)
  7 goblins
  8 hobgoblins
  2 ball pythons
  7 bats
  3 giant newts
  7 kobolds
  10 rats
55 creatures vanquished.

Notes
Turn   | Place    | Note
--------------------------------------------------------------
     0 | D:1      | sanboga, the Minotaur Fighter, began the quest for the Orb.
     0 | D:1      | Reached XP level 1. HP: 19/19 MP: 0/0
   250 | D:1      | Reached XP level 2. HP: 19/26 MP: 0/0
   258 | D:1      | Reached skill level 4 in Shields
  1009 | D:2      | Reached XP level 3. HP: 31/33 MP: 1/1
  1185 | D:2      | Reached skill level 1 in Dodging
  1264 | D:2      | Found a bloodstained altar of Trog.
  1397 | D:2      | Became a worshipper of Trog the Wrathful
  1845 | D:2      | Noticed Crazy Yiuf
  2055 | D:2      | Killed Crazy Yiuf
  2055 | D:2      | Reached XP level 4. HP: 40/40 MP: 1/1
  2256 | D:3      | Noticed sanboga's ghost (weakling MiFi)
  2302 | D:3      | HP: 2/40 [sanboga's ghost (5)]
  2304 | D:3      | Slain by sanboga's ghost

Action                   |  1- 3 |  4- 6 || total
-------------------------+-------+-------++-------
Melee: Mace              |    15 |       ||    15
       Short sword       |   152 |    33 ||   185
       Quarterstaff      |       |     7 ||     7
  Use: Scroll            |     5 |     1 ||     6
       Potion            |     1 |     6 ||     7
